 Dungeon Crawl Stone Soup version 0.27.1-33-g824d729ab1 (webtiles) character file.

Game seed: 1002632607271298682

4095 safid the Cleaver (level 10, 0/77 HPs)
             Began as a Hill Orc Fighter on Dec 14, 2021.
             Was an Initiate of Beogh.
             Slain by a two-headed ogre (17 damage)
             ... on level 7 of the Dungeon on Dec 15, 2021.
             The game lasted 00:25:29 (9860 turns).

safid the Cleaver (Hill Orc Fighter)                Turns: 9860, Time: 00:25:29

Health: 0/77       AC: 12    Str: 23    XL:     10   Next: 26%
Magic:  10/10      EV:  5    Int:  8    God:    Beogh [......]
Gold:   497        SH: 12    Dex: 10    Spells: 9/9 levels left

rFire    + . .     SeeInvis .   a - +0 war axe
rCold    . . .     Faith    .   c - +0 kite shield
rNeg     . . .     Spirit   .   i - +0 plate armour
rPois    .         Reflect  .   o - +0 hat
rElec    .         Harm     .   C - +0 cloak
rCorr    .         Rampage  .   (no gloves)
Will     .....                  (no boots)
Stlth    ..........             (no amulet)
HPRegen  0.22/turn              n - ring of protection from fire
MPRegen  0.12/turn              (no ring)

@: lethally poisoned (0 -> -2), about to teleport, marked
A: no striking features
a: Renounce Religion


You were on level 7 of the Dungeon.
You worshipped Beogh.
Beogh was noncommittal.
You visited 2 branches of the dungeon, and saw 9 of its levels.
You also visited: Ossuary.

You collected 497 gold pieces.

Inventory:

Hand Weapons
 a - a +0 war axe (weapon)
 y - a +2 flail of freezing
Missiles
 j - 14 poisoned darts (quivered)
 q - 2 curare-tipped darts
Armour
 c - a +0 kite shield (worn)
 i - a +0 plate armour (worn)
 o - a +0 hat (worn)
 C - a +0 cloak (worn)
 D - a +0 ring mail of willpower
Jewellery
 d - a ring of fire
 n - a ring of protection from fire (left hand)
 z - a ring of ice
Wands
 v - a wand of iceblast (10)
 w - a wand of mindburst (8)
 A - a wand of paralysis (16)
Scrolls
 k - a scroll of enchant armour
 l - a scroll of summoning
 t - 2 scrolls of teleportation
 u - a scroll of fear
 B - a scroll of blinking
 E - a scroll of noise {unknown}
Potions
 b - 2 potions of mutation {unknown}
 e - a potion of resistance {unknown}
 f - 2 potions of ambrosia
 g - a potion of haste {unknown}
 h - a potion of flight {unknown}
 m - 2 potions of heal wounds
 p - a potion of lignification
 r - a potion of invisibility {unknown}
 s - 2 potions of brilliance {unknown}
 x - 2 potions of attraction {unknown}


   Skills:
 - Level 3.6 Fighting
 + Level 13.2 Axes
 - Level 3.2 Armour
 + Level 11.5 Shields


You had 9 spell levels left.
You didn't know any spells.
Your spell library contained the following spells:

 Spells                   Type           Power      Damage    Failure   Level
 Animate Skeleton         Necr           0%         N/A       100%        1
 Beastly Appendage        Tmut           0%         N/A       100%        1
 Pain                     Necr           0%         1d4       100%        1
 Sandblast                Erth           0%         2d4       100%        1
 Passwall                 Tmut/Erth      0%         N/A       100%        2
 Slow                     Hex            0%         N/A       100%        2
 Wereblood                Tmut           0%         N/A       100%        2
 Confusing Touch          Hex            0%         N/A       100%        3
 Spider Form              Tmut/Pois      0%         N/A       100%        3
 Vampiric Draining        Necr           0%         2d6       100%        3
 Fireball                 Conj/Fire      0%         3d3       100%        5
 Lee's Rapid Deconstruct  Erth           0%         3d5*      100%        5
 Yara's Violent Unravell  Hex/Tmut       0%         3d3       100%        5
 Starburst                Conj/Fire      0%         6d3       100%        6
 Ignition                 Fire           0%         3d3       100%        8


Dungeon Overview and Level Annotations

Branches:
Dungeon (8/15)             Temple (1/1) D:5         Ossuary (visited)
   Lair: D:8-11

Altars:
Ashenzari
Cheibriados
Dithmenos
Elyvilon
Fedhas
Gozag
Hepliaklqana
Kikubaaqudgha
Makhleb
Nemelex Xobeh
Okawaru
Qazlal
Sif Muna
Trog
Vehumet
Wu Jian
Xom
Yredelemnul
Zin
The Shining One

Shops:
D:2 ?   D:4 ([   D:6 (

Annotations:
D:8 Harold


Message History

You are more poisoned.
The killer bee poisons you! The killer bee stings you.
You are more poisoned.
The killer bee poisons you! You block the killer bee's attack.
You closely miss the killer bee.
The killer bee is moderately wounded.
You slash the killer bee!
You kill the killer bee!
Beogh accepts your kill.
You feel very sick. You block the killer bee's attack.
The killer bee stings you but does no damage.
You miss the killer bee.
The killer bee is moderately wounded.
You feel very sick. You block the killer bee's attack.
Unknown command.
You slash the killer bee!
The killer bee is almost dead.
You feel very sick. You block the killer bee's attack.
The killer bee stings you but does no damage.
Unknown command.
You slash the killer bee!
You kill the killer bee!
Beogh accepts your kill.
You feel very sick.
Unknown command.
You feel sick.
You see here a killer bee corpse.
You feel sick.
You feel sick.
You feel sick.
There is a stone staircase leading up here.
As you read the scroll of teleportation, it crumbles to dust.
You feel strangely unstable.
You feel sick.
The two-headed ogre hits you with a +0 giant spiked club!
* * * LOW HITPOINT WARNING * * *
The two-headed ogre hits you with a +0 giant club!
You die...

.................................
..>####################.........#
...# ##.......## ..o# #####
####.##### ...# #.>.# #.........
##.# ##†††#######(.....>.. #÷#
#...##..>[.#.....)... #.#
#.#O#................ #.##
####.#.@.[..........#### ##..#
#....#...[......##..# .##.#
##.####..........##..# .##[# #..#
#..........##..# ..#.#####.##
#......[o..##..# #..........#
#.....[....#...# ##.........#
#..........#.#.# #..[......#
#._........#.#.# ##.........#
##..........#.#.#


You could see a two-headed ogre and a neutral orc priest (wandering).

Vanquished Creatures
  Sigmund (D:4)
  2 wyverns
  2 wraiths (Ossuary)
  4 humans (D:6)
  2 water moccasins (D:6)
  Duvessa (D:7)
  An orc warrior (D:7)
  2 ice beasts
  A necrophage (D:6)
  2 sky beasts (D:6)
  A black bear (D:6)
  A centaur (D:7)
  3 scorpions
  Dowan (D:7)
  2 water moccasin skeletons (D:6)
  9 killer bees (D:7)
  3 wights (Ossuary)
  4 howler monkeys
  3 bullfrog zombies
  A centaur zombie (D:5)
  A hound (D:6)
  3 jellies
  2 centaur skeletons
  Crazy Yiuf (D:6)
  An orc priest (D:7)
  2 bullfrog skeletons (D:5)
  4 iguanas
  3 orc wizards (D:7)
  3 gnolls (D:4)
  2 adders
  A shadow imp (D:6)
  2 white imps (D:6)
  An adder skeleton (D:4)
  A worm (D:2)
  3 dart slugs
  13 orcs
  3 ball pythons
  3 bats
  2 endoplasms
  5 giant cockroaches
  5 goblins
  2 hobgoblins
  11 jackals
  9 kobolds
  3 quokkas
  12 frilled lizards
  A hobgoblin zombie (Ossuary)
  A kobold zombie (Ossuary)
  An orc skeleton (Ossuary)
  5 orc zombies (Ossuary)
  2 rats
154 creatures vanquished.

Vanquished Creatures (others)
  An orc wizard (D:7)
  A plant (D:4)
2 creatures vanquished.

Grand Total: 156 creatures vanquished

Notes
Turn   | Place    | Note
-------+----------+-------------------------------------------
     0 | D:1      | safid the Hill Orc Fighter began the quest for the Orb.
     0 | D:1      | Reached XP level 1. HP: 19/19 MP: 1/1
    45 | D:1      | Reached skill level 3 in Axes
   105 | D:1      | Reached XP level 2. HP: 25/26 MP: 2/2
   228 | D:1      | Found a faded altar of an unknown god.
   705 | D:1      | Reached XP level 3. HP: 31/31 MP: 3/3
  1097 | D:2      | Reached skill level 4 in Axes
  1490 | D:2      | Found Yfucoxuk's Magic Scroll Shoppe.
  1778 | D:3      | Reached XP level 4. HP: 39/39 MP: 4/4
  1825 | D:3      | Found an ancient bone altar of Kikubaaqudgha.
  2140 | D:3      | Found a hazy altar of Hepliaklqana.
  2500 | D:4      | Found Ysusk's Antique Weapon Emporium.
  2613 | D:4      | Noticed a scorpion
  2618 | D:4      | Killed a scorpion
  2619 | D:4      | Reached skill level 5 in Axes
  2619 | D:4      | Reached skill level 5 in Shields
  2619 | D:4      | Reached XP level 5. HP: 34/45 MP: 5/5
  2772 | D:4      | Reached skill level 6 in Axes
  2772 | D:4      | Reached XP level 6. HP: 38/51 MP: 6/6
  2902 | D:4      | Found Tesef's Antique Armour Emporium.
  3513 | D:4      | Identified the +3 robe of Anaesthesia {rElec Regen+ Str+4}
  3513 | D:4      | Noticed Sigmund
  3527 | D:4      | Killed Sigmund
  3528 | D:4      | Reached skill level 7 in Axes
  3528 | D:4      | Reached XP level 7. HP: 42/57 MP: 7/7
  3827 | D:5      | Entered Level 5 of the Dungeon
  3863 | D:5      | Found a blossoming altar of Fedhas.
  3903 | D:5      | Found a sand-covered staircase.
  3934 | Ossuary  | Entered an ossuary
  4174 | Ossuary  | Noticed a wraith
  4174 | Ossuary  | Noticed a flying skull
  4185 | Ossuary  | Noticed a flying skull
  4187 | Ossuary  | Noticed a flying skull
  4192 | Ossuary  | Noticed a flying skull
  4214 | Ossuary  | Noticed a flying skull
  4281 | Ossuary  | Noticed a wraith
  4311 | Ossuary  | Killed a wraith
  4312 | Ossuary  | Reached skill level 8 in Axes
  4423 | Ossuary  | Reached XP level 8. HP: 64/64 MP: 8/8
  4436 | Ossuary  | Noticed a wraith
  4452 | Ossuary  | Killed a wraith
  4722 | D:5      | Reached skill level 9 in Axes
  4821 | D:5      | Found a staircase to the Ecumenical Temple.
  4955 | D:5      | Found a bloodstained altar of Trog.
  4955 | D:5      | Found an ornate altar of the Wu Jian Council.
  4956 | D:5      | Found a shimmering altar of Xom.
  5598 | Temple   | Entered the Ecumenical Temple
  5813 | D:6      | Found Xoymmey's Antique Weapon Shoppe.
  6129 | D:6      | Reached skill level 10 in Axes
  6354 | D:6      | Reached XP level 9. HP: 54/70 MP: 9/9
  6617 | D:6      | Reached skill level 11 in Axes
  6994 | D:6      | Reached skill level 10 in Shields
  7496 | D:6      | Found a shimmering blue altar of Sif Muna.
  7685 | D:6      | Found a runed translucent door.
  7686 | D:6      | Noticed Crazy Yiuf
  7815 | D:6      | Killed Crazy Yiuf
  7986 | D:7      | Reached skill level 12 in Axes
  8392 | D:7      | Noticed Duvessa
  8400 | D:7      | Killed Duvessa
  8400 | D:7      | Noticed Dowan
  8408 | D:7      | Killed Dowan
  8409 | D:7      | Reached XP level 10. HP: 76/77 MP: 10/10
  8419 | D:7      | Found a white marble altar of Elyvilon.
  8435 | D:7      | Noticed a two-headed ogre
  8734 | D:7      | Identified the +3 leather armour "Ygulibrewk" {rN+ Str+4
                  | Dex-4 SInv}
  9116 | D:7      | Became a worshipper of Beogh the Brigand
  9673 | D:7      | Reached skill level 13 in Axes
  9815 | D:8      | Noticed a two-headed ogre
  9841 | D:8      | Noticed Harold
  9860 | D:7      | Slain by a two-headed ogre

Illustrated notes

Levels and vault maps discovered:
D:1:      doesnt_arrival_eight_statues, layout_loops_ring,
          shapermc_ecumenical_altar_ellora, minmay_lizard_pond
D:2:      layout_loops_cross, serial_shops,
          nicolae_shop_competitors_out_of_business
D:3:      layout_basic, mainiacjoe_overflow_six_doors_small, lemuel_tele_altar
D:4:      layout_layer_cave, serial_shops, shop_statue, nicolae_shop_trees,
          sigmund_edmund_badplayer
D:5:      layout_loops_ring, kennysheep_little_box,
          chequers_temple_overflow_statue_of_worship,
          minmay_temple_entry_statues_pillars, enter_ossuary_3
D:6:      layout_loops_ring, mainiacjoe_overflow_small_starburst, serial_shops,
          shop, grunt_ministairs_8, st_stairs_10, nrook_campfire,
          minmay_crystal_room, minmay_ruffians, uniq_edmund,
          uniq_crazy_yiuf_cottage
D:7:      layout_rooms, overflow_temple_1_default, kennysheep_nub, uniq_duvessa
D:8:      due_megacathedral, layout_basic, nicolae_overflow_crystal_walls,
          minmay_fractal_squares_diagonal_5, uniq_joseph, uniq_harold
Temple:   minmay_temple_bridge_abc

Skill      XL: |  1  2  3  4  5  6  7  8  9 10 |
---------------+-------------------------------+-----
Axes           | 3 4 5 6 7 8 10 12 13 | 13.2
Shields        | 4 5 6 7 9 11 | 11.5
Fighting       | |  3.6
Armour         | |  3.2

Action                   |  1- 3 |  4- 6 |  7- 9 | 10-12 || total
-------------------------+-------+-------+-------+-------++-------
Melee: War axe           |   142 |   103 |   428 |    99 ||   772
Throw: Dart              |       |     9 |    10 |    18 ||    37
Invok: Convert to Beogh  |       |       |       |     1 ||     1
Evoke: Wand              |       |       |     1 |       ||     1
  Use: Potion            |       |     1 |     5 |       ||     6
       Scroll            |       |       |     7 |     2 ||     9
Armor: Chain mail        |    85 |    47 |    29 |       ||   161
       Scale mail        |     1 |       |       |       ||     1
       Skin              |       |       |    27 |       ||    27
       Plate armour      |       |       |   121 |    58 ||   179
Dodge: Dodged            |    25 |    29 |    83 |    26 ||   163
Block: Kite shield       |    83 |    54 |   241 |    62 ||   440
